 Dungeon Crawl Stone Soup version 0.23.2-33-g5129a83184 (webtiles) character file.

Game seed: 1335088914308754645

37 MalarOregon the Digger (level 3, -1/28 HPs)
             Began as a Ghoul Earth Elementalist on July 1, 2019.
             Slain by a gnoll
             ... wielding a +0 club
              (7 damage)
             ... on level 1 of the Dungeon.
             The game lasted 00:03:46 (1730 turns).

MalarOregon the Digger (Ghoul Earth Elementalist)   Turns: 1730, Time: 00:03:46

Health: -1/28      AC:  7    Str: 11    XL:     3   Next: 41%
Magic:  5/5        EV: 10    Int: 11    God:
Gold:   34         SH:  0    Dex:  9    Spells: 5/6 levels left

rFire    . . .     SeeInvis .     - Unarmed
rCold    + . .     Gourm    .   (no shield)
rNeg     + + +     Faith    .   r - +0 ring mail
rPois    ∞         Spirit   .   (no helmet)
rElec    .         Reflect  .   (no cloak)
rCorr    .         Harm     .   (no gloves)
MR       .....                  q - +1 pair of boots
Stlth    +.........             (no amulet)
HPRegen  0.00/turn              (no ring)
MPRegen  0.09/turn              (no ring)

@: rotting
A: rotting body, claws 1, carnivore, cold resistance 1, negative energy
resistance 3, inhibited regeneration, torment resistance, unbreathing
a: no special abilities


You were on level 1 of the Dungeon.
You were not hungry.

You visited 1 branch of the dungeon, and saw 2 of its levels.

You collected 34 gold pieces.

Inventory:

Missiles
 a - 41 poisoned needles
 b - 48 stones (quivered)
 o - 6 needles of confusion
 p - 2 javelins
Armour
 q - a +1 pair of boots (worn)
   (You found it on level 2 of the Dungeon)
 r - a +0 ring mail (worn)
   (You found it on level 1 of the Dungeon)
Jewellery
 j - a +4 ring of intelligence {unknown}
   (You found it on level 1 of the Dungeon)
Scrolls
 i - a scroll of enchant armour {unknown}
 l - a scroll of amnesia {unknown}
 m - a scroll of noise {unknown}
 n - a scroll of immolation {unknown}
Potions
 d - 2 potions of degeneration {unknown}
 f - a potion of magic {unknown}
 g - a potion of curing {unknown}
 h - a potion of brilliance {unknown}
 k - 2 potions of cancellation {unknown}
Comestibles
 c - 3 chunks of flesh
 e - 4 rations {!d}


   Skills:
 + Level 1.3 Fighting
 + Level 0.7 Armour
 + Level 2.1 Dodging
 - Level 2.1 Stealth
 + Level 1.0 Unarmed Combat
 + Level 2.0 Spellcasting
   Level 0.8 Transmutations
 + Level 3.5 Earth Magic


You had 5 spell levels left.
You knew the following spells:

 Your Spells              Type           Power        Failure   Level  Hunger
a - Sandblast             Erth           #.....       17%         1    ##.....

Your spell library contained the following spells:

 Spells                   Type           Power        Failure   Level  Hunger
 Passwall                 Tmut/Erth      #.......     41%         2    ###....
 Stone Arrow              Conj/Erth      #.....       71%         3    ####...
 Petrify                  Tmut/Erth      #.......     96%         4    #####..
 Lee's Rapid Deconstruct  Erth           #.........   99%         5    ######.


Dungeon Overview and Level Annotations

Branches:
Dungeon (2/15)

Altars:

Annotations:
D:1 exclusion: downstairs, Terence


Innate Abilities, Weirdness & Mutations

Your body is rotting away.
You thrive on raw meat.
You are immune to poison.
You have sharp fingernails.
You are carnivorous and can eat meat at any time.
Your flesh is cold resistant. (rC+)
You are immune to negative energy. (rN+++)
You do not regenerate when monsters are visible.
You are immune to unholy pain and torment.
You can survive without breathing.


Message History

The ball python constricts you.
You barely miss the ball python.
The ball python bites you but does no damage.
The ball python constricts you.
You scratch the ball python.
The ball python bites you but does no damage.
The ball python constricts you.
You scratch the ball python.
You kill the ball python!
No target in view!
Some of the chunks of flesh in your inventory have rotted away.
Things that are here:
a +0 ring mail; a kobold skeleton
Found a stone staircase leading down.
Found a stone staircase leading up.
You feel your flesh rotting away.
Eating one of 4 chunks of flesh.
You eat one of the 4 chunks of flesh.
You feel more resilient.
This raw flesh tastes great!
Found a stone staircase leading down.
Found 13 stones.
A gnoll comes into view. It is wielding a +0 club.
The gnoll shouts!
A gnoll comes into view. It is wielding a +0 club.
You closely miss the gnoll. The gnoll barely misses you.
You scratch the gnoll. You closely miss the gnoll.
A gnoll comes into view. It is wielding a +0 flail.
The gnoll shouts!
You scratch the gnoll. You scratch the gnoll.
The gnoll hits you with a +0 club.
You barely miss the gnoll. The gnoll barely misses you.
You scratch the gnoll. The gnoll hits you but does no damage.
You closely miss the gnoll. The gnoll hits you with a +0 club.
You scratch the gnoll. The gnoll hits you with a +0 club!
* * * LOW HITPOINT WARNING * * *
You scratch the gnoll but do no damage. The gnoll barely misses you.
You scratch the gnoll. The gnoll hits you with a +0 club.
* * * LOW HITPOINT WARNING * * *
The gnoll hits you but does no damage.
You see here a +0 club.
There is a stone staircase leading up here.
The gnoll hits you but does no damage.
You climb upwards.
Level annotation: exclusion: downstairs, Terence Terence hits you with a +0 flail.
* * * LOW HITPOINT WARNING * * *
There is a stone staircase leading down here.
Terence asks, "Do you want it fast or slow?"
The gnoll hits you with a +0 club!
You die...

..............#####.#..##.###
###...................()..#
.......#....#######.#.###.#
###.#..#.......# #.#.# #.#
###.#........♣.♣ #.#.###.#
#...........##.# #.......#
#.#.#..#....#♣.♣###.#.##..#
.................g.....#..###
.............♣.♣@@..........#
#.#.#..#....##..###.#..#..###
#.#.#..#.....♣.♣.@.....#..#
#.#.#..#....##..###.##.#..#
#.#.#..#.....♣.♣..........#
............##.####.##.#.####
..#..........♣.♣............#
######.#.##.##.####.##.#.####
#......##.........#...#


You could see Terence and a gnoll.

Vanquished Creatures
  A gnoll (D:1)
  A dart slug (D:1)
  A ball python (D:2)
  4 bats (D:1)
  3 giant cockroaches
  3 goblins (D:1)
  4 hobgoblins
  A kobold (D:2)
  2 frilled lizards (D:1)
  4 rats
24 creatures vanquished.

Notes
Turn   | Place    | Note
-------+----------+-------------------------------------------
     0 | D:1      | MalarOregon the Ghoul Earth Elementalist began the quest
                  | for the Orb.
     0 | D:1      | Reached XP level 1. HP: 14/14 MP: 2/2
   180 | D:1      | Reached XP level 2. HP: 21/22 MP: 3/3
   798 | D:1      | Reached skill level 1 in Fighting
  1204 | D:1      | Reached XP level 3. HP: 21/28 MP: 3/5
  1314 | D:2      | Noticed Terence
  1510 | D:2      | Reached skill level 1 in Unarmed Combat
  1730 | D:1      | Slain by a gnoll

Skill      XL: |  1  2  3 |
---------------+----------+-----
Dodging        | 2 |  2.1
Fighting       | 1 |  1.3
Spellcasting   | 2 |  2.0
Unarmed Combat | 1 |  1.0
Armour         | |  0.7
Stealth        | |  2.1
Transmutations | |  0.8
Earth Magic    | |  3.5

Action                   || total
-------------------------++-------
Melee: Unarmed           ||   117
 Stab: Sleeping          ||     1
  Eat: Chunk             ||     4
Armor: Robe              ||     8
       Ring mail         ||    17
Dodge: Dodged            ||    60
